 Dungeon Crawl Stone Soup version 0.30-a0-368-g86fb4627a9 (webtiles) character file.

Game seed: 17195000327142649737

240 lunkers the Cutter (level 5, 0/29 (43) HPs)
             Began as an Armataur Reaver on Nov 18, 2022.
             Slain by a necrophage (1 damage)
             ... on level 4 of the Dungeon.
             The game lasted 00:03:40 (1753 turns).

lunkers the Cutter (Armataur Reaver)                Turns: 1753, Time: 00:03:41

HP:   0/29 (43)     AC:  5    Str: 12 (17) XL:     5   Next: 80%
MP:   0/7           EV:  9    Int: 13 (16) God:
Gold: 81            SH:  0    Dex:  5 (8)  Spells: 6/7 levels left

rFire   + . .      SeeInvis .    h - +3 short sword
rCold   . . .      Faith    .    (no shield)
rNeg    . . .      Spirit   +    b - +0 leather armour
rPois   .          Reflect  .    (no helmet)
rElec   .          Harm     .    (no cloak)
rCorr   .          Roll     +    e - +0 pair of gloves
Will    .....                    (no barding)
Stlth   +.........               j - amulet of guardian spirit
HPRegen 0.24/turn                q - ring of protection from fire
MPRegen 0.10/turn                (no ring)

@: very heavily drained
A: large, rugged brown scales 3, deformed body, armoured tail, roll, long
tongue, awkward tongue
a: no special abilities


You were on level 4 of the Dungeon.
You visited 1 branch of the dungeon, and saw 3 of its levels.

You collected 81 gold pieces.

Inventory:

Hand Weapons
 a - a +0 mace
 c - a +0 short sword of venom
 h - a +3 short sword (weapon)
Armour
 b - a +0 leather armour (worn)
 e - a +0 pair of gloves (worn)
 f - a +0 ring mail
Jewellery
 j - an amulet of guardian spirit (around neck)
 q - a ring of protection from fire (left hand)
Scrolls
 d - 2 scrolls of immolation {unknown}
 g - 2 scrolls of identify {unknown}
 i - a scroll of summoning {unknown}
 k - 2 scrolls of fear {unknown}
 l - a scroll of teleportation {unknown}
 m - a scroll of silence {unknown}
 s - 2 scrolls of poison {unknown}
Potions
 n - a potion of lignification {unknown}
 o - a potion of berserk rage {unknown}
 p - a potion of curing
 r - a potion of attraction {unknown}


   Skills:
 - Level 1.7 Fighting
 + Level 4.6 Short Blades
 - Level 3.6 Maces & Flails
 - Level 1.3 Dodging
 - Level 1.7 Spellcasting
 - Level 2.6 Conjurations


You had 6 spell levels left.
You knew the following spells:

 Your Spells              Type           Power      Damage    Failure   Level
p - Kiss of Death         Conj/Necr      16%        2d6       19%         1

Your spell library contained the following spells:

 Spells                   Type           Power      Damage    Failure   Level
 Momentum Strike          Conj/Tloc      8%         3d8       28%         2
 Beastly Appendage        Tmut           2%         N/A       32%         1
 Wereblood                Tmut           1%         N/A       45%         2
 Hailstorm                Conj/Ice       4%         3d4       50%         3
 Spider Form              Tmut/Pois      1%         N/A       69%         3


Dungeon Overview and Level Annotations

Branches:
Dungeon (2/15)

Altars:
Yredelemnul


Innate Abilities, Weirdness & Mutations

You are completely covered in rugged brown scales. (AC +3, +7% HP)
Armour fits poorly on your strangely shaped body.
You have a long armoured tail.
You roll when moving toward enemies. (Rampage)
Your long tongue fully drains potion bottles. (2x potion effects)
Your tongue gives you trouble enunciating. (1.5x scroll delay)


Message History

Casting: Kiss of Death (safe; 21% risk of failure)
Confirm with . or Enter, or press ? or * to list all spells.
Aiming: Kiss of Death (safe; 21% risk of failure)
Press: ? - help, Shift-Dir - straight line, f/p - iguana
Aim: an iguana (severely wounded, heavily drained, 100% to hit)
The negative energy hits the iguana!
The iguana is drained!
You kill the iguana!
You feel drained.
* * * LOW MAGIC WARNING * * *
The necrophage closely misses you.
You feel your strength returning.
You hit the necrophage.
The necrophage is moderately damaged.
You hit the necrophage.
The necrophage is heavily damaged.
The necrophage misses you. The orc hits you but does no damage.
You hit the necrophage but do no damage.
Your tail-slap misses the necrophage.
The necrophage is heavily damaged.
The necrophage completely misses you.
The orc hits you from afar with a +0 trident.
* * * LOW HITPOINT WARNING * * *
You hit the necrophage.
Your tail-slap misses the necrophage.
The necrophage is heavily damaged.
The orc closely misses you. The necrophage barely misses you.
You barely miss the necrophage.
You tail-slap the necrophage, but do no damage.
The necrophage is heavily damaged.
You hit the necrophage.
The necrophage is severely damaged.
The orc barely misses you.
The necrophage hits you but does no damage.
You hit the necrophage but do no damage.
Your tail-slap misses the necrophage.
The necrophage is severely damaged.
The hobgoblin closely misses you.
The orc hits you from afar with a +0 trident.
* * * LOW HITPOINT WARNING * * *
The necrophage hits you.
You die...

.... #.....###..##♣
...#### #..........#♣.
#....# #.........##♣.
#....# #.........#♣..
#....####...##...#..♣ .
#......#†..##.....♣#
...##....†.)...##.....#
........).............#
.......@n)..#.........#
.....og..##.#.........#
.........##...........#
......................#
...............#...#....
........................
..######................
## #...###


You could see a necrophage, an orc and a hobgoblin.

Vanquished Creatures
  A scorpion (D:4)
  A howler monkey (D:4)
  A jelly (D:4)
  An iguana (D:4)
  4 adders (D:2)
  3 endoplasms
  8 goblins
  4 hobgoblins
  4 kobolds
  A quokka (D:4)
  9 ball pythons
  8 bats
  3 frilled lizards (D:1)
  7 rats
55 creatures vanquished.

Notes
Turn   | Place    | Note
-------+----------+-------------------------------------------
     0 | D:1      | lunkers the Armataur Reaver began the quest for the Orb.
     0 | D:1      | Reached XP level 1. HP: 18/18 MP: 3/3
   198 | D:1      | Reached XP level 2. HP: 18/25 MP: 4/4
   637 | D:1      | Reached skill level 1 in Short Blades
   637 | D:1      | Reached XP level 3. HP: 23/31 MP: 5/5
   966 | D:2      | HP: 1/27 [poisoned by an adder]
  1215 | D:2      | Reached skill level 2 in Short Blades
  1351 | D:2      | Reached XP level 4. HP: 17/32 MP: 4/6
  1657 | D:2      | You fall into a shaft and drop 2 floors!
  1672 | D:4      | Found a basalt altar of Yredelemnul.
  1705 | D:4      | Reached skill level 3 in Short Blades
  1729 | D:4      | Reached XP level 5. HP: 22/43 MP: 2/7
  1737 | D:4      | Reached skill level 4 in Short Blades
  1753 | D:4      | HP: 1/29 [orc/+0 trident (2)]
  1753 | D:4      | Slain by a necrophage

Illustrated notes

Levels and vault maps discovered:
D:1:      sevenhm_arrival_forest_fort_small_4, layout_basic, serial_forest,
          infiniplex_forest_lined_room_2, infiniplex_forest_corner_2,
          infiniplex_forest_lined_room_, infiniplex_forest_end_2,
          infiniplex_forest_3_way, infiniplex_forest_straight_2,
          infiniplex_forest_pool, infiniplex_forest_lined_room_,
          infiniplex_forest_end_3
D:2:      kennysheep_six_static_rooms, layout_basic, minmay_domino_2
D:4:      layout_basic, kennysheep_ying_yang,
          nicolae_dithmenos_through_a_glass_darkly, nicolae_ru_awakened_eye,
          kennysheep_mini_moat, minmay_temple_entry_overgrown,
          lightli_sewer_entry_pipes, uniq_robin, uniq_duvessa, uniq_sigmund

Skill      XL: |  1  2  3  4  5 |
---------------+----------------+-----
Maces & Flails | 3 |  3.6
Short Blades   | 1 2 3 4 |  4.6
Fighting       | |  1.7
Dodging        | |  1.3
Spellcasting   | |  1.7
Conjurations   | |  2.6

Action                   |  1- 3 |  4- 6 || total
-------------------------+-------+-------++-------
Melee: Mace              |    36 |       ||    36
       Short sword       |    76 |    61 ||   137
       Tailslap          |     7 |    12 ||    19
 Cast: Kiss of Death     |     2 |     3 ||     5
  Use: Potion            |     2 |       ||     2
Armor: Leather armour    |    64 |    29 ||    93
Dodge: Dodged            |    62 |    31 ||    93

Table legend: (Time is in decaauts)
 A = Elapsed time spent in this place.
 B = Non-inter-level travel time spent in this place.
 C = Inter-level travel time spent in this place.
 D = Time resting spent in this place.
 E = Time spent auto-exploring this place.
 F = Levels seen in this place.
 G = Mean time per level.
                   A        B        C        D        E       F      G
               +--------+--------+--------+--------+--------+-----+--------+
         Total |   1754 |   1744 |     10 |      0 |   1416 |   3 |  584.7 |
       Dungeon |   1754 |   1744 |     10 |      0 |   1416 |   3 |  584.7 |
               +--------+--------+--------+--------+--------+-----+--------+

Top non-repeatable levels by time:
     D:1: 898 daAuts
     D:2: 768 daAuts
     D:4: 88 daAuts
